 Dungeon Crawl Stone Soup version 0.27-a0-1181-g5f64966fcc (webtiles) character file.

Game seed: 14020352045869836809

146 lunkers the Changer (level 5, -3/43 HPs)
             Began as a Gnoll Wanderer on May 17, 2021.
             Slain by Natasha (7 damage)
             ... on level 2 of the Dungeon.
             The game lasted 00:03:14 (2123 turns).

lunkers the Changer (Gnoll Wanderer)                Turns: 2123, Time: 00:03:15

Health: -3/43      AC:  3    Str: 10    XL:     5   Next: 28%
Magic:  7/7        EV: 13    Int: 13    God:
Gold:   84         SH:  4    Dex: 12    Spells: 6/6 levels left

rFire    . . .     SeeInvis .   a - +0 dagger
rCold    . . .     Faith    .   j - +0 buckler
rNeg     . . .     Spirit   .   e - +0 robe
rPois    .         Reflect  .   (no helmet)
rElec    .         Harm     .   p - +0 cloak {Stlth+}
rCorr    .         Rampage  .   (no gloves)
Will     .....                  (no boots)
Stlth    +++.......             (no amulet)
HPRegen  0.14/turn              (no ring)
MPRegen  0.10/turn              (no ring)

@: no status effects
A: fangs 1, strong nose, distributed training
a: no special abilities


You were on level 2 of the Dungeon.
You visited 1 branch of the dungeon, and saw 2 of its levels.

You collected 84 gold pieces.

Inventory:

Hand Weapons
 a - a +0 dagger (weapon)
 b - a +0 quarterstaff
Missiles
 n - 2 poisoned darts (quivered)
Armour
 d - a +0 kite shield
 e - a +0 robe (worn)
 j - a +0 buckler (worn)
 p - a +0 cloak of stealth (worn)
Scrolls
 c - a scroll of amnesia {unknown}
 f - a scroll of teleportation {unknown}
 k - a scroll of enchant weapon {unknown}
 l - a scroll of magic mapping {unknown}
 o - a scroll of silence {unknown}
 q - a scroll of fog {unknown}
Potions
 g - a potion of attraction {unknown}
 h - a potion of curing {unknown}
 i - a potion of might {unknown}
 m - a potion of lignification {unknown}


   Skills:
 + Level 4.7 Fighting
 + Level 1.4 Short Blades
 + Level 1.4 Long Blades
 + Level 1.4 Axes
 + Level 1.4 Maces & Flails
 + Level 1.4 Polearms
 + Level 2.9 Staves
 + Level 1.4 Slings
 + Level 1.4 Bows
 + Level 1.4 Crossbows
 + Level 2.9 Throwing
 + Level 1.4 Armour
 + Level 4.7 Dodging
 + Level 1.4 Stealth
 + Level 2.9 Shields
 + Level 1.4 Unarmed Combat
 + Level 1.4 Spellcasting
 + Level 1.1 Conjurations
 + Level 1.1 Hexes
 + Level 1.1 Summonings
 + Level 1.1 Necromancy
 + Level 1.1 Translocations
 + Level 5.5 Transmutations
 + Level 1.1 Fire Magic
 + Level 1.1 Ice Magic
 + Level 1.1 Air Magic
 + Level 1.1 Earth Magic
 + Level 1.1 Poison Magic
 + Level 1.6 Invocations
 + Level 1.4 Evocations


You had 6 spell levels left.
You didn't know any spells.
Your spell library was empty.

Dungeon Overview and Level Annotations

Branches:
Dungeon (2/15)

Altars:

Annotations:
D:2 Natasha


Innate Abilities, Weirdness & Mutations

You have very sharp teeth.
Your uncanny sense of smell can sniff out nearby items.
Your experience applies equally to all skills.


Message History

Natasha is severely wounded.
Natasha closely misses you. The crimson imp closely misses you.
The shadow imp closely misses you.
You miss Natasha.
Natasha is severely wounded.
Natasha claws you but does no damage. You block the crimson imp's attack.
The shadow imp shouts, "Quit, thou bawdy full-gorged buzzard-bait!"
The shadow imp hits you.
* * * LOW HITPOINT WARNING * * *
Unknown command.
You hit Natasha. You bite Natasha, but do no damage.
Natasha is almost dead.
Natasha barely misses you.
The crimson imp hits you but does no damage.
The shadow imp hits you but does no damage.
Unknown command.
You closely miss Natasha. Your bite misses Natasha.
Natasha is almost dead.
Natasha closely misses you. The crimson imp misses you.
The shadow imp closely misses you.
Unknown command.
You hit Natasha.
Natasha is almost dead.
Natasha casts a spell at you. The magic dart hits you!
* * * LOW HITPOINT WARNING * * *
You block the crimson imp's attack. The shadow imp hits you.
* * * LOW HITPOINT WARNING * * *
You aren't carrying any items that you can evoke.
Unknown command.
Okay, then.
You hit Natasha but do no damage.
Natasha is almost dead.
Natasha completely misses you. You block the crimson imp's attack.
The shadow imp closely misses you.
You hit Natasha.
Natasha is almost dead.
The crimson imp disappears in a puff of smoke!
The shadow imp closely misses you. Natasha claws you!
You die...

####+#.......##.........# #.+
#.......####.##.........###.'
#.......# #.##.........'.'.+
#.......# #.##.........# #.+
#.......####.##.........###.++++
#............##.................
#................÷..............
#.............!§<#######........
...............5@.# #########
?...............h.#
.$.......(........#
....#####.....$...# ....
#.........# #.........#
#.........# ###########


You could see Natasha and a shadow imp (summoned).

Vanquished Creatures
  Natasha (twice) (D:2)
  Terence (D:2)
  3 gnolls
  A dart slug (D:2)
  4 endoplasms
  2 giant cockroaches
  A goblin (D:1)
  A hobgoblin (D:2)
  10 jackals (D:1)
  2 kobolds (D:1)
  A quokka (D:2)
  4 ball pythons
  4 bats
  2 frilled lizards (D:1)
  2 rats
40 creatures vanquished.

Notes
Turn   | Place    | Note
-------+----------+-------------------------------------------
     0 | D:1      | lunkers the Gnoll Wanderer began the quest for the Orb.
     0 | D:1      | lunkers set off with the following items: a +0 dagger, a +0
                  | quarterstaff, 10 poisoned darts, a +0 kite shield, a +0
                  | robe
     0 | D:1      | Reached XP level 1. HP: 20/20 MP: 1/1
   155 | D:1      | Reached XP level 2. HP: 26/26 MP: 2/2
   886 | D:1      | Reached XP level 3. HP: 23/31 MP: 3/3
  1480 | D:2      | Noticed Terence
  1488 | D:2      | Killed Terence
  1489 | D:2      | Reached skill level 1 in Short Blades
  1489 | D:2      | Reached skill level 1 in Long Blades
  1489 | D:2      | Reached skill level 1 in Axes
  1489 | D:2      | Reached skill level 1 in Maces & Flails
  1489 | D:2      | Reached skill level 1 in Polearms
  1489 | D:2      | Reached skill level 1 in Slings
  1489 | D:2      | Reached skill level 1 in Bows
  1489 | D:2      | Reached skill level 1 in Crossbows
  1489 | D:2      | Reached skill level 1 in Armour
  1489 | D:2      | Reached skill level 1 in Stealth
  1489 | D:2      | Reached skill level 1 in Unarmed Combat
  1489 | D:2      | Reached skill level 1 in Spellcasting
  1489 | D:2      | Reached skill level 1 in Invocations
  1489 | D:2      | Reached skill level 1 in Evocations
  1489 | D:2      | Reached XP level 4. HP: 38/38 MP: 5/5
  1711 | D:2      | Reached skill level 1 in Conjurations
  1711 | D:2      | Reached skill level 1 in Hexes
  1711 | D:2      | Reached skill level 1 in Summonings
  1711 | D:2      | Reached skill level 1 in Necromancy
  1711 | D:2      | Reached skill level 1 in Translocations
  1711 | D:2      | Reached skill level 1 in Fire Magic
  1711 | D:2      | Reached skill level 1 in Ice Magic
  1711 | D:2      | Reached skill level 1 in Air Magic
  1711 | D:2      | Reached skill level 1 in Earth Magic
  1711 | D:2      | Reached skill level 1 in Poison Magic
  1852 | D:2      | Noticed Natasha
  1863 | D:2      | Killed Natasha
  1864 | D:2      | Reached XP level 5. HP: 38/43 MP: 6/6
  1885 | D:2      | Noticed Natasha
  1915 | D:2      | Killed Natasha
  2094 | D:2      | Noticed Natasha
  2123 | D:2      | Slain by Natasha

Illustrated notes

Levels and vault maps discovered:
D:1:      lightli_arrival_maybe_door_vault, layout_loops_ring
D:2:      layout_basic, hellmonk_ecumenical_altar_heavens_door, basic_altar,
          minmay_misc_feat_encased, uniq_natasha, uniq_terence

Skill      XL: |  1  2  3  4 |
---------------+-------------+-----
Short Blades   | 1 |  1.4
Long Blades    | 1 |  1.4
Axes           | 1 |  1.4
Maces & Flails | 1 |  1.4
Polearms       | 1 |  1.4
Slings         | 1 |  1.4
Bows           | 1 |  1.4
Crossbows      | 1 |  1.4
Armour         | 1 |  1.4
Stealth        | 1 |  1.4
Unarmed Combat | 1 |  1.4
Spellcasting   | 1 |  1.4
Invocations    | 1 |  1.6
Evocations     | 1 |  1.4
Conjurations   | 1 |  1.1
Hexes          | 1 |  1.1
Summonings     | 1 |  1.1
Necromancy     | 1 |  1.1
Translocations | 1 |  1.1
Fire Magic     | 1 |  1.1
Ice Magic      | 1 |  1.1
Air Magic      | 1 |  1.1
Earth Magic    | 1 |  1.1
Poison Magic   | 1 |  1.1
Fighting       | |  4.7
Staves         | |  2.9
Throwing       | |  2.9
Dodging        | |  4.7
Shields        | |  2.9
Transmutations | |  5.5

Action                   |  1- 3 |  4- 6 || total
-------------------------+-------+-------++-------
Melee: Dagger            |    72 |    68 ||   140
       Bite              |     4 |     5 ||     9
Throw: Dart              |    60 |    13 ||    73
 Stab: Sleeping          |       |     1 ||     1
Armor: Robe              |    13 |    17 ||    30
Dodge: Dodged            |    38 |    60 ||    98
Block: Kite shield       |    11 |       ||    11
       Buckler           |    13 |    14 ||    27

Table legend: (Time is in decaauts)
 A = Elapsed time spent in this place.
 B = Non-inter-level travel time spent in this place.
 C = Inter-level travel time spent in this place.
 D = Time resting spent in this place.
 E = Time spent auto-exploring this place.
 F = Levels seen in this place.
 G = Mean time per level.
                   A        B        C        D        E       F      G
               +--------+--------+--------+--------+--------+-----+--------+
         Total |   2123 |   2089 |     34 |    118 |   1547 |   2 | 1061.5 |
       Dungeon |   2123 |   2089 |     34 |    118 |   1547 |   2 | 1061.5 |
               +--------+--------+--------+--------+--------+-----+--------+

Top non-repeatable levels by time:
     D:1: 1301 daAuts
     D:2: 822 daAuts
